Map: Newkirk Precinct TE (Void)

Players

TYTY (TY) - Winner!

  • Race: Terran Terran
  • Spawn Location: 7:00

Harstem

  • Race: Protoss Protoss
  • Spawn Location: 5:00

Event: IEM XI Katowice - World Championship 2017

VOD

Have the link to the VOD?

Description

Time

  • Played on: March 2, 2017, 11:52 a.m.
  • Length: 10:51

All games in this series

Show
View Real Time Build Order
Export as new Build Order

TYTY Terran - Winner!

Build Orders: MMM Bio 

Get SALT Encoding   

  12  0:00  SCV  
  13  0:12  SCV  
  14  0:17  Supply Depot  
  14  0:24  SCV  
  15  0:30  Refinery  
  15  0:39  SCV  
  16  0:45  Barracks  
  16  0:51  SCV  
  17  1:03  SCV  
  18  1:15  SCV  
  19  1:32  Orbital Command  
  20  1:45  Barracks Reactor  
  19  1:53  Command Center  
  19  1:58  Supply Depot  
  19  1:59  SCV  
  20  2:10  Factory  
  20  2:13  SCV  
  21  2:20  Marine  
  21  2:21  Marine  
  23  2:25  SCV  
  24  2:37  SCV  
  24  2:38  Marine x2  
  27  2:49  SCV  
  28  2:54  Widow Mine  
  28  2:55  Starport  
  30  3:00  Refinery  
  30  3:01  SCV  
  30  3:05  Marine x2  
  33  3:07  Orbital Command  
  33  3:13  SCV  
  33  3:22  Widow Mine, Orbital Command  
  33  3:23  Marine x2  
  33  3:25  SCV  
  38  3:31  Medivac  
  40  3:37  SCV  
  40  3:39  Barracks  
  41  3:44  Marine  
  41  3:47  Supply Depot  
  42  3:49  SCV  
  42  3:53  Factory Tech Lab  
  42  3:54  SCV  
  44  3:58  Marine  
  44  4:02  Marine  
  46  4:09  SCV  
  47  4:12  Supply Depot, Siege Tank, SCV  
  47  4:13  Starport Tech Lab  
  51  4:21  SCV  
  51  4:24  SCV  
  53  4:31  Liberator  
  53  4:33  SCV  
  53  4:37  Marine  
  54  4:43  Marine  
  54  4:45  SCV x2  
  60  4:49  Supply Depot x2  
  62  4:56  Barracks  
  62  4:57  SCV  
  62  4:59  Marine x2  
  59  5:02  Stimpack, SCV  
  60  5:09  SCV  
  59  5:14  Marine, SCV  
  59  5:17  Marine, Factory Reactor  
  59  5:21  Engineering Bay  
  61  5:23  Marine  
  61  5:25  SCV  
  61  5:26  SCV  
  64  5:31  Command Center  
  64  5:33  Starport Reactor  
  64  5:34  Marine  
  64  5:35  Marine  
  66  5:37  SCV  
  66  5:39  SCV  
  66  5:41  Supply Depot  
  68  5:49  Terran Infantry Weapons Level 1  
  70  5:51  Missile Turret  
  70  5:52  Refinery  
  70  5:53  Marine x2  
  70  5:55  Widow Mine x2  
  70  5:56  Supply Depot  
  76  6:01  Combat Shields  
  76  6:02  SCV x2  
  76  6:06  Supply Depot  
  76  6:09  Supply Depot, Missile Turret  
  76  6:14  SCV x2  
  76  6:16  Marine x3  
  79  6:18  Marine  
  79  6:24  Medivac x2  
  84  6:26  SCV x2  
  86  6:39  Barracks  
  87  6:40  Widow Mine x2, Barracks  
  87  6:42  Marine  
  87  6:43  Marine  
  93  6:48  Orbital Command  
  93  6:52  Marauder  
  93  6:53  Marauder  
  93  6:57  Medivac  
  93  6:59  SCV x2  
  93  7:00  Refinery  
  97  7:04  Marine x2, Medivac  
  101  7:10  Orbital Command  
  101  7:13  Marine, Widow Mine  
  101  7:14  Widow Mine  
  106  7:15  Supply Depot  
  106  7:17  Marine  
  106  7:19  SCV  
  106  7:22  Marine x2  
  110  7:30  SCV  
  110  7:31  Liberator  
  110  7:32  Liberator  
  110  7:37  Barracks Tech Lab  
  111  7:38  Barracks Tech Lab  
  111  7:42  SCV  
  111  7:43  SCV x2  
  114  7:44  Marine  
  114  7:45  Marine  
  114  7:50  Marine  
  118  7:51  Terran Infantry Armor Level 1  
  118  7:57  SCV  
  118  7:58  Supply Depot x2, SCV  
  119  8:01  Marine, Missile Turret  
  119  8:02  Marine  
  119  8:03  SCV  
  119  8:05  Refinery  
  124  8:09  Missile Turret  
  124  8:10  Marine, SCV  
  124  8:12  Missile Turret  
  127  8:14  Liberator  
  127  8:15  Liberator  
  127  8:16  SCV x2  
  130  8:20  Concussive Shells, Marauder x2  
  130  8:21  Marine x3  
  130  8:22  SCV  
  134  8:28  SCV x2  
  134  8:34  SCV  
  143  8:38  Marine x2  
  143  8:39  Marine  
  148  8:48  Engineering Bay  
  148  8:49  Armory  
  148  8:50  Refinery  
  148  8:53  Supply Depot x3  
  148  8:54  Supply Depot  
  146  8:56  Bunker  
  146  8:58  Liberator x2  
  146  9:05  Marauder x2  
  149  9:14  Marine x4  
  149  9:17  Supply Depot  
  158  9:18  Marine, SCV x2  
  158  9:23  SCV  
  158  9:26  Marine x2  
  158  9:30  SCV  
  150  9:33  SCV  
  150  9:35  SCV  
  150  9:36  Marine, Marauder  
  147  9:47  Marauder  
  149  9:54  Marine  
  149  9:55  Marine x2  
  149  9:58  Medivac x2  
  156  10:05  Orbital Command  
  155  10:07  Marine, Marauder x2  
  155  10:08  Marine  
  161  10:17  Marine x2  
  163  10:23  Marine  
Show
View Real Time Build Order
Export as new Build Order

Harstem Protoss 

Build Orders: Oracle Opening 

Get SALT Encoding   

  12  0:00  Probe (Chrono Boost)  
  13  0:11  Probe (Chrono Boost)  
  14  0:18  Pylon  
  14  0:22  Probe (Chrono Boost)  
  15  0:36  Probe (Chrono Boost)  
  15  0:37  Gateway  
  16  0:47  Probe (Chrono Boost)  
  16  0:48  Assimilator  
  17  0:57  Probe (Chrono Boost)  
  18  1:08  Probe (Chrono Boost)  
  19  1:13  Pylon  
  19  1:19  Probe (Chrono Boost)  
  19  1:21  Zealot  
  19  1:24  Cybernetics Core  
  22  1:31  Probe (Chrono Boost)  
  23  1:43  Probe (Chrono Boost)  
  24  1:55  Nexus  
  24  2:01  Mothership Core (Chrono Boost)  
  26  2:05  Assimilator  
  26  2:10  Warp Gate  
  26  2:14  Adept  
  26  2:21  Probe (Chrono Boost)  
  29  2:25  Pylon  
  29  2:33  Probe (Chrono Boost)  
  30  2:40  Adept  
  33  2:45  Probe (Chrono Boost)  
  33  2:57  Probe (Chrono Boost)  
  34  3:01  Stargate  
  34  3:03  Adept  
  36  3:17  Probe (Chrono Boost)  
  36  3:18  Probe (Chrono Boost)  
  38  3:28  Probe (Chrono Boost)  
  38  3:29  Probe (Chrono Boost)  
  38  3:33  Pylon  
  40  3:39  Probe (Chrono Boost)  
  40  3:41  Probe (Chrono Boost)  
  42  3:43  Gateway x2  
  42  3:49  Probe (Chrono Boost)  
  42  3:53  Oracle  
  47  4:04  Probe (Chrono Boost)  
  47  4:06  Probe (Chrono Boost)  
  48  4:13  Nexus  
  49  4:18  Probe (Chrono Boost)  
  49  4:19  Probe (Chrono Boost)  
  50  4:25  Adept  
  50  4:30  Phoenix, Probe x2 (Chrono Boost)  
  56  4:45  Adept x2  
  56  4:48  Probe (Chrono Boost)  
  56  4:52  Phoenix  
  58  5:05  Probe x2 (Chrono Boost)  
  58  5:07  Forge  
  60  5:17  Twilight Council, Probe (Chrono Boost)  
  60  5:19  Assimilator, Probe (Chrono Boost)  
  60  5:20  Pylon  
  62  5:21  Phoenix  
  62  5:23  Assimilator  
  62  5:27  Probe (Chrono Boost)  
  66  5:28  Probe (Chrono Boost)  
  66  5:31  Probe (Chrono Boost)  
  67  5:37  Pylon, Adept, Sentry  
  67  5:38  Adept, Protoss Ground Weapons Level 1  
  67  5:39  Probe (Chrono Boost)  
  74  5:44  Pylon  
  74  5:45  Probe (Chrono Boost)  
  76  5:50  Resonating Glaives, Probe x2 (Chrono Boost)  
  78  5:57  Probe (Chrono Boost)  
  78  6:00  Probe (Chrono Boost)  
  78  6:02  Probe (Chrono Boost)  
  80  6:09  Probe (Chrono Boost)  
  80  6:11  Probe (Chrono Boost)  
  82  6:16  Probe (Chrono Boost)  
  83  6:21  Adept x2  
  83  6:22  Probe (Chrono Boost)  
  83  6:23  Gateway  
  83  6:24  Probe (Chrono Boost)  
  89  6:28  Gateway, Probe (Chrono Boost)  
  91  6:34  Probe (Chrono Boost)  
  91  6:35  Probe (Chrono Boost)  
  91  6:38  Robotics Facility  
  91  6:44  Stalker x3  
  95  6:48  Probe (Chrono Boost)  
  95  6:51  Probe (Chrono Boost)  
  95  6:52  Phoenix  
  98  7:00  Pylon, Probe (Chrono Boost)  
  99  7:02  Pylon  
  99  7:04  Gateway  
  99  7:08  Adept  
  99  7:13  Pylon  
  101  7:19  Adept x2, Phoenix  
  107  7:27  Adept  
  107  7:28  Adept  
  112  7:30  Probe (Chrono Boost)  
  112  7:35  Probe (Chrono Boost)  
  112  7:36  Probe (Chrono Boost)  
  114  7:37  Protoss Ground Armor Level 1  
  114  7:38  Adept  
  114  7:39  Adept x2  
  114  7:45  Warp Prism  
  114  7:46  Probe (Chrono Boost)  
  114  7:47  Probe x2 (Chrono Boost)  
  114  7:49  Phoenix  
  119  7:57  Probe (Chrono Boost)  
  122  7:58  Probe (Chrono Boost)  
  122  7:59  Adept, Probe (Chrono Boost)  
  122  8:01  Pylon  
  122  8:04  Pylon  
  124  8:08  Probe (Chrono Boost)  
  125  8:13  Pylon  
  125  8:19  Pylon, Observer  
  125  8:21  Adept  
  125  8:22  Adept x3  
  125  8:24  Pylon  
  135  8:28  Probe (Chrono Boost)  
  135  8:29  Phoenix  
  135  8:32  Probe (Chrono Boost)  
  138  8:38  Adept  
  140  8:43  Probe (Chrono Boost)  
  140  8:44  Pylon  
  140  8:47  Adept x3  
  140  8:48  Adept  
  149  8:55  Probe (Chrono Boost)  
  151  9:02  Gateway  
  150  9:04  Gateway  
  150  9:08  Nexus  
  150  9:16  Adept x6  
  133  9:36  Probe (Chrono Boost)  
  133  9:38  Adept x6  
  94  9:41  Probe x2 (Chrono Boost)  
  96  9:46  Probe (Chrono Boost)  
  96  9:49  Immortal  
  96  9:51  Forge  
  97  9:59  Sentry, Stalker x3  
  109  10:01  Stalker  
  111  10:07  Stalker x2  
  111  10:10  Stalker  
  116  10:14  Probe (Chrono Boost)  
  114  10:23  Stalker x4  
  114  10:26  Adept  
  122  10:34  Adept x3  
  112  10:46  Adept x5  

Tags
 
Add a new tag
Caveats
  • Supply blocks, unpowered buildings, or Contaminate may cause inaccurate times.
  • Supply counts are checked every 10 seconds.